[Event "Titled Tuesday Blitz July 25 Early 2023"]
[White "Putri, Regita Desyari"]
[Black "FREDERICKtheMATE"]
[WhiteFideId "7109083"]
[WhiteElo "2213"]
[BlackElo "2398"]
[Result "1-0"]
[Round "6"]
[TimeControl "180+2"]
[Date "2023.07.25"]
[WhiteClock "0:00:07"]
[BlackClock "0:00:17"]
[Board "187"]

1. e4 c5 2. Nf3 g6 3. d4 cxd4 4. Nxd4 Nc6 5. c4 Nf6 6. Nc3 Nxd4 7. Qxd4 d6 8. Be2 Bg7 9. Be3 O-O 10. Qd2 Be6 11. O-O Qa5 12. Rac1 Rfc8 13. b3 a6 14. Rfd1 Nd7 15. f3 b5 16. Nd5 Qxd2 17. Bxd2 Bxd5 18. cxd5 Bb2 19. Rxc8+ Rxc8 20. Bd3 Ne5 21. Bb1 Bc3 22. Rc1 Bd4+ 23. Kf1 Rxc1+ 24. Bxc1 f6 25. Ke2 Kf7 26. h3 g5 27. g3 Ng6 28. f4 gxf4 29. gxf4 Bg1 30. Bd3 Ke8 31. Kf3 Bh2 32. a4 bxa4 33. bxa4 a5 34. Bd2 Kd7 35. Bb5+ Kc8 36. f5 Nf8 37. Bxa5 Bg1 38. Kg4 Be3 39. Kf3 Bg5 40. Kg4 Be3 41. h4 Nd7 42. Bxd7+ Kxd7 43. Kh5 Kc8 44. Kg4 Kd7 45. h5 Kc8 46. Kf3 Bd4 47. Ke2 Be5 48. Kd3 Kb7 49. Kc4 Ka6 50. Bd8 Bb2 51. Bxe7 Be5 52. Kb4 Kb6 53. a5+ Ka6 54. Ka4 h6 55. Bf8 Bf4 56. Bg7 Bg5 57. Bf8 Bf4 58. Be7 Be5 59. Kb4 Ka7 60. Kb5 Kb7 61. a6+ Ka7 62. Kc6 Kxa6 63. Bxd6 Bd4 64. Be7 Ka7 65. d6 Bb6 66. d7 Ba5 67. Bxf6 Kb8 68. Bg7 Bd8 69. Bxh6 Bf6 70. Bf4+ Ka7 71. e5 Bd8 72. e6 Bf6 73. h6 Be7 74. h7 Bf6 75. d8=Q Bxd8 76. h8=Q Bc7 77. Qa1+ Kb8 78. Qb2+ Kc8 79. Qb7+ Kd8 80. Qxc7+ Ke8 81. Qd7+ Kf8 82. Qf7# 1-0


[Site "https://www.chess.com"]

[Event "Titled Tuesday Blitz July 25 Early 2023"]
[White "Gyulamiryan-koryun"]
[Black "Stork, Oliver"]
[BlackFideId "12955728"]
[WhiteElo "2059"]
[BlackElo "2389"]
[Result "0-1"]
[Round "6"]
[TimeControl "180+2"]
[Date "2023.07.25"]
[WhiteClock "0:00:00"]
[BlackClock "0:00:10"]
[Board "188"]

1. d4 Nf6 2. c4 e6 3. Nf3 d5 4. g3 dxc4 5. Bg2 Be7 6. O-O O-O 7. Qc2 b5 8. a4 b4 9. Nfd2 Nd5 10. Nxc4 Bb7 11. Na5 Ba6 12. Bf4 c5 13. Bxb8 Qxa5 14. Be5 c4 15. Nd2 Rfc8 16. Ne4 c3 17. b3 Rd8 18. g4 Rac8 19. Rfd1 Qb6 20. a5 Qb5 21. Bf3 f6 22. Bg3 Qe8 23. h4 Qg6 24. h5 Qf7 25. h6 gxh6 26. Kg2 f5 27. Nc5 Bxc5 28. dxc5 f4 29. Bh4 Rf8 30. Rd4 Rxc5 31. Rad1 Bb7 32. g5 Qg7 33. Kh2 hxg5 34. Rg1 h6 35. e3 fxe3 36. Bxd5 Rxd5 37. Rxb4 Qe5+ 38. Bg3 exf2 39. Bxe5 fxg1=Q+ 40. Kxg1 Rxe5 41. Rxb7 Re1+ 42. Kg2 Re3 43. Qc1 Rd3 44. Qc2 Rd2+ 45. Qxd2 cxd2 46. Rd7 Rb8 47. Rxd2 Rxb3 48. Rd7 Rb2+ 49. Kg3 h5 50. Rxa7 Rb3+ 51. Kg2 g4 52. Re7 Ra3 53. Rxe6 Rxa5 54. Rf6 Kg7 55. Rc6 Ra3 56. Kh2 h4 57. Kg2 h3+ 58. Kh2 Rf3 59. Rc4 Rf2+ 60. Kh1 Rg2 61. Re4 Kg6 62. Re6+ Kf5 63. Rf6+ Ke4 64. Rf4+ Ke3 65. Rf3+ Ke2 66. Re3+ Kf2 67. Re2+ Kf1 68. Rc2 Rg1+ 69. Kh2 g3+ 70. Kxh3 g2 71. Rc3 Rh1+ 72. Kg4 g1=Q+ 0-1


[Site "https://www.chess.com"]

[Event "Titled Tuesday Blitz July 25 Early 2023"]
[White "Orlov, Georgi"]
[Black "SoyuzTM4"]
[WhiteFideId "2011271"]
[WhiteElo "2548"]
[BlackElo "2191"]
[Result "1-0"]
[Round "6"]
[TimeControl "180+2"]
[Date "2023.07.25"]
[WhiteClock "0:01:02"]
[BlackClock "0:00:00"]
[Board "189"]

1. d4 Nf6 2. Nf3 d5 3. c4 Bg4 4. cxd5 Bxf3 5. gxf3 Nxd5 6. e4 Nb6 7. Be3 g6 8. h4 Bg7 9. Nc3 Nc6 10. d5 Na5 11. h5 O-O 12. hxg6 hxg6 13. Bd4 e5 14. Bc5 Re8 15. Qc2 Nac4 16. O-O-O Nd6 17. Kb1 Qf6 18. Be2 Rac8 19. Rdg1 c6 20. Be3 cxd5 21. Bxb6 axb6 22. Nxd5 Qe6 23. Qb3 b5 24. Rc1 Rxc1+ 25. Rxc1 Qh3 26. Bxb5 Ra8 27. Be2 Qh2 28. Qb6 Qxf2 29. Qxf2 1-0


[Site "https://www.chess.com"]

[Event "Titled Tuesday Blitz July 25 Early 2023"]
[White "Rodchenkov, Sergey D."]
[Black "Nugumanov, Bakhtiyar"]
[WhiteFideId "4168712"]
[BlackFideId "13701797"]
[WhiteElo "2544"]
[BlackElo "2247"]
[Result "1-0"]
[Round "6"]
[TimeControl "180+2"]
[Date "2023.07.25"]
[WhiteClock "0:02:09"]
[BlackClock "0:01:50"]
[Board "190"]

1. e4 e6 2. d4 d5 3. Nc3 Bb4 4. e5 c5 5. a3 Bxc3+ 6. bxc3 Nc6 7. Qg4 g6 8. Nf3 Qa5 9. Bd2 c4 10. Be2 Bd7 11. h4 h6 12. Qf4 Rh7 13. O-O O-O-O 14. a4 Rf8 15. Qg3 Nge7 16. Rfb1 f6 17. exf6 Rxf6 18. Ne5 Be8 19. Ng4 Rf8 20. Qd6 Bd7 21. Bxh6 Nf5 22. Qxf8+ 1-0


[Site "https://www.chess.com"]

[Event "Titled Tuesday Blitz July 25 Early 2023"]
[White "Orlov, Oleg"]
[Black "Vemparala, Nikash"]
[WhiteFideId "4166612"]
[BlackFideId "30960967"]
[WhiteElo "2520"]
[BlackElo "2246"]
[Result "0-1"]
[Round "6"]
[TimeControl "180+2"]
[Date "2023.07.25"]
[WhiteClock "0:00:18"]
[BlackClock "0:00:24"]
[Board "191"]

1. e4 e5 2. Nf3 Nc6 3. Bb5 Nf6 4. O-O Nxe4 5. Re1 Nd6 6. Nxe5 Be7 7. Bf1 Nxe5 8. Rxe5 O-O 9. d4 Bf6 10. Re1 Re8 11. c3 Rxe1 12. Qxe1 Ne8 13. Nd2 d5 14. Nf3 Nd6 15. Bf4 Bf5 16. Be5 Ne4 17. Bd3 Bg6 18. Qe3 Bxe5 19. Nxe5 Nd6 20. Nxg6 hxg6 21. Re1 Qf6 22. Qg3 Re8 23. Re5 Re6 24. h3 c6 25. Kh2 Kh7 26. Rxe6 Qxe6 27. Qh4+ Kg8 28. Qg3 Ne8 29. Qf4 Qd6 30. Qxd6 Nxd6 31. f3 Kf8 32. Kg3 Ke7 33. Kf4 Ke6 34. g4 Nc8 35. h4 Nb6 36. b3 Nd7 37. a4 c5 38. h5 gxh5 39. gxh5 Nf6 40. Kg5 cxd4 41. cxd4 a5 42. Bf5+ Ke7 43. h6 gxh6+ 44. Kxh6 Ne8 45. Kg5 Nd6 46. Bh3 b5 47. Kf4 bxa4 48. bxa4 Nc4 49. Bf1 Nb2 50. Bb5 Nc4 51. Kf5 Nd6+ 52. Ke5 Nxb5 53. Kxd5 Nc3+ 54. Kc4 Nxa4 55. Kb5 Nc3+ 56. Kxa5 Ne2 57. Kb4 Nxd4 58. f4 Ne6 59. f5 Ng7 60. f6+ Kxf6 61. Kc5 Kg6 62. Kd4 Nf5+ 63. Ke4 f6 64. Kf3 Ng7 65. Ke2 Kg5 66. Kf2 f5 67. Kf3 f4 68. Kf2 Nf5 69. Kg1 Kg4 70. Kf1 Kg3 71. Kg1 f3 72. Kh1 Ne3 73. Kg1 f2+ 74. Kh1 f1=R# 0-1


[Site "https://www.chess.com"]

[Event "Titled Tuesday Blitz July 25 Early 2023"]
[White "Kuchava, Ana"]
[Black "Goffredo_Fofi"]
[WhiteFideId "13605348"]
[WhiteElo "2218"]
[BlackElo "2506"]
[Result "0-1"]
[Round "6"]
[TimeControl "180+2"]
[Date "2023.07.25"]
[WhiteClock "0:00:00"]
[BlackClock "0:00:47"]
[Board "192"]

1. d4 g6 2. c4 Bg7 3. Nc3 d6 4. Nf3 Bg4 5. h3 Bxf3 6. exf3 c6 7. Be2 Nd7 8. O-O e6 9. Re1 Ne7 10. Bf4 d5 11. c5 Nf5 12. Be3 O-O 13. b3 e5 14. dxe5 Bxe5 15. Bd2 Nxc5 16. Rc1 Ne6 17. Bd3 Qf6 18. Qe2 Bd4 19. Na4 Rfe8 20. Qd1 Nh4 21. Bc3 Bxc3 22. Nxc3 Nd4 23. Ne2 Nhxf3+ 24. gxf3 Nxf3+ 25. Kg2 Nh4+ 26. Kg1 Qf3 27. Nf4 Qxf4 28. Qg4 Nf3+ 29. Kh1 Rxe1+ 30. Rxe1 Qxg4 31. hxg4 Nxe1 0-1


[Site "https://www.chess.com"]

[Event "Titled Tuesday Blitz July 25 Early 2023"]
[White "Gulamali, Kazim"]
[Black "Tqebuchava, Zurab"]
[WhiteFideId "2024764"]
[BlackFideId "13601113"]
[WhiteElo "2494"]
[BlackElo "2204"]
[Result "0-1"]
[Round "6"]
[TimeControl "180+2"]
[Date "2023.07.25"]
[WhiteClock "0:00:00"]
[BlackClock "0:00:03"]
[Board "193"]

1. e4 d6 2. d4 g6 3. Nc3 Bg7 4. Be3 c6 5. Be2 Nd7 6. f4 b5 7. e5 b4 8. Ne4 d5 9. Ng5 e6 10. f5 Bh6 11. f6 Bxg5 12. Bxg5 c5 13. c3 bxc3 14. bxc3 cxd4 15. cxd4 Rb8 16. Nf3 Qb6 17. O-O h5 18. Qd2 Qb4 19. Qe3 Nb6 20. Rab1 Qf8 21. Bb5+ Bd7 22. Bxd7+ Kxd7 23. Qb3 Kc8 24. Rfc1+ Kb7 25. a4 Ka8 26. Qb5 Qe8 27. a5 Qxb5 28. Rxb5 Nc4 29. Rcb1 Rxb5 30. Rxb5 Nh6 31. Bxh6 Rxh6 32. Ng5 Rh8 33. Nxf7 Rf8 34. Ng5 a6 35. Rc5 Kb7 36. Nxe6 Re8 37. f7 Rxe6 0-1


[Site "https://www.chess.com"]

[Event "Titled Tuesday Blitz July 25 Early 2023"]
[White "Jahnz, Fabian"]
[Black "Herzog2012"]
[WhiteFideId "4653300"]
[WhiteElo "2195"]
[BlackElo "2436"]
[Result "0-1"]
[Round "6"]
[TimeControl "180+2"]
[Date "2023.07.25"]
[WhiteClock "0:00:08"]
[BlackClock "0:00:06"]
[Board "194"]

1. e4 Nc6 2. Nf3 e5 3. Bc4 Bc5 4. c3 Nf6 5. d3 O-O 6. Nbd2 d5 7. exd5 Nxd5 8. O-O Nb6 9. Bb3 Qxd3 10. Re1 Bg4 11. Bc2 Qd7 12. h3 Bh5 13. Bxh7+ Kxh7 14. Ng5+ Kg6 15. Qc2+ f5 16. g4 Bxg4 17. hxg4 Rad8 18. Ndf3 Qd3 19. Qxd3 Rxd3 20. Nh4+ Kf6 21. Nh7+ Kf7 22. Nxf8 Kxf8 23. Nxf5 g6 24. Ne3 e4 25. b4 Bd6 26. Nd1 Ne5 27. Bh6+ Kf7 28. Re3 Nxg4 29. Rxd3 exd3 30. Be3 Nc4 31. a4 a6 32. Ra2 Ke6 33. Kg2 Kd5 34. Kf3 Nge5+ 35. Kg2 Ke4 36. b5 axb5 37. axb5 d2 38. Ra4 Kd3 39. Bf4 Kc2 40. Bxe5 Nxe5 41. Ne3+ Kd3 42. Rd4+ Ke2 43. c4 Nf3 44. Rd5 Ne1+ 45. Kg1 Bf4 46. c5 Bxe3 47. fxe3 d1=Q 48. Rxd1 Kxd1 49. c6 bxc6 50. bxc6 Ke2 51. e4 Ke3 52. e5 Nf3+ 53. Kg2 Nxe5 54. Kg3 Ke4 55. Kh4 Kf4 0-1


[Site "https://www.chess.com"]

[Event "Titled Tuesday Blitz July 25 Early 2023"]
[White "Padmini, Rout"]
[Black "Francisco_Ferrari"]
[WhiteFideId "5029295"]
[WhiteElo "2435"]
[BlackElo "2180"]
[Result "1-0"]
[Round "6"]
[TimeControl "180+2"]
[Date "2023.07.25"]
[WhiteClock "0:00:28"]
[BlackClock "0:00:00"]
[Board "195"]

1. Nf3 Nf6 2. g3 d5 3. Bg2 e6 4. O-O Be7 5. c4 O-O 6. b3 c5 7. e3 Nc6 8. cxd5 exd5 9. d4 Ne4 10. Bb2 Bf6 11. Ne5 cxd4 12. Nxc6 bxc6 13. Bxd4 c5 14. Bxf6 Qxf6 15. Nd2 Nc3 16. Qf3 Qxf3 17. Bxf3 Rb8 18. Nb1 Nxb1 19. Rfxb1 Be6 20. Rd1 Rfd8 21. Rac1 Rbc8 22. Rc2 d4 23. exd4 cxd4 24. Rxc8 Bxc8 25. Be2 Bf5 26. Bd3 Bg4 27. Rc1 Kf8 28. Kg2 Ke7 29. Rc7+ Rd7 30. Rxd7+ Kxd7 31. f4 Kd6 32. h3 Be6 33. g4 Bd5+ 34. Kf2 Kc5 35. Bxh7 g6 36. h4 Kb4 37. h5 gxh5 38. gxh5 Kc3 39. h6 d3 40. Bxd3 Kxd3 41. h7 f5 42. h8=Q Be4 43. Qe5 1-0


[Site "https://www.chess.com"]

[Event "Titled Tuesday Blitz July 25 Early 2023"]
[White "Sanudula, K M Dahamdi"]
[Black "Ai, Evan"]
[WhiteFideId "9932470"]
[BlackFideId "2094770"]
[WhiteElo "2165"]
[BlackElo "2418"]
[Result "0-1"]
[Round "6"]
[TimeControl "180+2"]
[Date "2023.07.25"]
[WhiteClock "0:02:00"]
[BlackClock "0:01:37"]
[Board "196"]

1. d4 Nf6 2. e3 d5 3. Bd3 e6 4. Nd2 c5 5. c3 Nc6 6. f4 Bd6 7. Ngf3 Qc7 8. Ne5 Nd7 9. O-O Ne7 10. Qg4 g6 11. Rf3 f6 12. Nxg6 hxg6 13. Bxg6+ Nxg6 14. Qxg6+ Kd8 15. Qg7 Rf8 16. e4 cxd4 17. cxd4 Nb6 18. e5 Qxg7 0-1


[Site "https://www.chess.com"]

[Event "Titled Tuesday Blitz July 25 Early 2023"]
[White "Hoffmann, Asa"]
[Black "Sailer, Mike"]
[WhiteFideId "2001470"]
[BlackFideId "2012901"]
[WhiteElo "2395"]
[BlackElo "2165"]
[Result "1-0"]
[Round "6"]
[TimeControl "180+2"]
[Date "2023.07.25"]
[WhiteClock "0:01:12"]
[BlackClock "0:00:00"]
[Board "197"]

1. d4 d5 2. Bg5 h6 3. Bh4 c6 4. e3 Qb6 5. b3 Bf5 6. Bd3 Bxd3 7. Qxd3 e6 8. Nd2 Nd7 9. f4 Ngf6 10. Ngf3 Be7 11. O-O O-O-O 12. Ne5 Nxe5 13. fxe5 Ng8 14. Bxe7 Nxe7 15. Rxf7 Nf5 16. g4 Nh4 17. Rxg7 Rdg8 18. Rxg8+ Rxg8 19. h3 h5 20. Qh7 Qd8 21. Qf7 Rg6 22. Rf1 hxg4 23. hxg4 Rxg4+ 24. Kf2 Rg2+ 25. Ke1 Qg8 26. Qf8+ Qxf8 27. Rxf8+ Kc7 28. Rf7+ Kb6 29. Re7 Rg6 30. c4 Nf5 31. Rf7 Nxe3 32. Ke2 Nf5 33. Rf6 Nxd4+ 34. Kd3 Rxf6 35. exf6 Nf3 36. Nxf3 1-0


[Site "https://www.chess.com"]

[Event "Titled Tuesday Blitz July 25 Early 2023"]
[White "Rian, Kapriaga"]
[Black "Cardenas Carbajal, Nilson"]
[WhiteFideId "7103263"]
[BlackFideId "8401128"]
[WhiteElo "2390"]
[BlackElo "2158"]
[Result "1-0"]
[Round "6"]
[TimeControl "180+2"]
[Date "2023.07.25"]
[WhiteClock "0:00:24"]
[BlackClock "0:00:29"]
[Board "198"]

1. d4 Nf6 2. Nf3 d5 3. Bf4 c5 4. e3 Nc6 5. Nbd2 g6 6. Bb5 Bg7 7. O-O O-O 8. c3 Nd7 9. Qe2 Re8 10. Rfd1 Qb6 11. a4 a6 12. Bxc6 bxc6 13. Rab1 e5 14. dxe5 Nxe5 15. Nxe5 Bxe5 16. Bxe5 Rxe5 17. h3 Bf5 18. Nf3 Re7 19. Ra1 Rb8 20. b4 cxb4 21. cxb4 Qxb4 22. Qxa6 Qb6 23. Qxb6 Rxb6 24. a5 Ra6 25. Rdc1 Rea7 26. Rc5 Kf8 27. Nd4 Bd7 28. g4 Ke7 29. Kg2 Kd6 30. Nb3 Rb7 31. Rc3 Rba7 32. g5 Bf5 33. Kg3 Rc7 34. Nc5 Ra8 35. Kf4 Rb8 36. Na6 Rcb7 37. Nxb8 Rxb8 38. a6 Ra8 39. a7 c5 40. Ra6+ Ke7 41. Rxc5 Bd3 42. Ra3 Bc4 43. e4 1-0


[Site "https://www.chess.com"]

[Event "Titled Tuesday Blitz July 25 Early 2023"]
[White "Vifleemskaia, Svetlana"]
[Black "djjohnnywoo"]
[WhiteFideId "4129490"]
[WhiteElo "2338"]
[BlackElo "2136"]
[Result "0-1"]
[Round "6"]
[TimeControl "180+2"]
[Date "2023.07.25"]
[WhiteClock "0:00:35"]
[BlackClock "0:00:13"]
[Board "199"]

1. d4 g6 2. c4 Bg7 3. e4 d6 4. Nc3 c6 5. h4 h5 6. Nge2 Nf6 7. Ng3 Bg4 8. Be2 Na6 9. a3 Nc7 10. f3 Bd7 11. Bg5 O-O 12. Qd2 Kh7 13. Nf1 Ne6 14. Be3 c5 15. d5 Nd4 16. Bxd4 cxd4 17. Qxd4 Ng4 18. Qd1 Qb6 19. fxg4 Qxb2 20. Rc1 Bxc3+ 21. Kf2 Bd4+ 22. Kg3 Qxa3+ 23. Qd3 Be5+ 24. Kf2 Qxc1 25. gxh5 Qf4+ 26. Bf3 gxh5 27. g3 Qf6 28. Ne3 Bg4 29. Nf5 Bxf5 30. exf5 Rg8 31. Rg1 Rac8 32. Rg2 Bd4+ 33. Kf1 b5 34. Rd2 Rxc4 35. Rg2 Rc1+ 36. Ke2 Qe5+ 37. Be4 f6 38. Qf3 Rg4 39. Kd3 Rc3+ 40. Ke2 Rxf3 41. Kxf3 Qxe4# 0-1


[Site "https://www.chess.com"]

[Event "Titled Tuesday Blitz July 25 Early 2023"]
[White "morozcoma"]
[Black "Hrescak, Ivana"]
[BlackFideId "14613441"]
[WhiteElo "2326"]
[BlackElo "2135"]
[Result "1-0"]
[Round "6"]
[TimeControl "180+2"]
[Date "2023.07.25"]
[WhiteClock "0:01:03"]
[BlackClock "0:01:12"]
[Board "200"]

1. e4 e5 2. Nf3 Nc6 3. Nc3 Nf6 4. Bb5 Nd4 5. Bc4 c6 6. Nxe5 d5 7. exd5 cxd5 8. Bd3 Bd6 9. Nf3 Bg4 10. Be2 O-O 11. Nxd4 Re8 12. O-O Bxe2 13. Ndxe2 Ng4 14. Ng3 h5 15. h3 Nf6 16. Nxh5 Nxh5 17. Qxh5 Re5 18. Qf3 Qh4 19. d4 Re6 20. Qg4 Qd8 21. Bg5 Qd7 22. Nxd5 Qb5 23. Qf5 Qxb2 24. Rab1 Qxa2 25. Rxb7 Rae8 26. Qxf7+ 1-0


[Site "https://www.chess.com"]

[Event "Titled Tuesday Blitz July 25 Early 2023"]
[White "Alberto, Manuel"]
[Black "Lisjak, Zlatko"]
[WhiteFideId "10100148"]
[BlackFideId "14502186"]
[WhiteElo "2325"]
[BlackElo "2133"]
[Result "1-0"]
[Round "6"]
[TimeControl "180+2"]
[Date "2023.07.25"]
[WhiteClock "0:01:11"]
[BlackClock "0:00:02"]
[Board "201"]

1. e4 c5 2. Nf3 e6 3. c3 d5 4. e5 Nc6 5. d4 Qb6 6. Bd3 Bd7 7. dxc5 Bxc5 8. O-O Nh6 9. a4 Ng4 10. Qe2 a5 11. Na3 h5 12. Nb5 h4 13. h3 Nh6 14. Nxh4 Ne7 15. Bg5 Nhf5 16. Nxf5 Nxf5 17. Bxf5 exf5 18. Rad1 Be6 19. Rd2 O-O 20. h4 f6 21. exf6 gxf6 22. Bf4 Rf7 23. h5 Kh7 24. Re1 Re8 25. h6 Bd7 26. Qd1 Rxe1+ 27. Qxe1 Bxb5 28. axb5 Qxb5 29. Qe6 Re7 30. Qxf5+ Kh8 31. Qxf6+ Kh7 32. Qf5+ Kh8 33. Be5+ Kg8 34. Qg6+ Kf8 35. Bg7+ Kg8 36. h7# 1-0


[Site "https://www.chess.com"]

[Event "Titled Tuesday Blitz July 25 Early 2023"]
[White "Slovineanu, Viacheslav"]
[Black "Dahlgren, James Allen"]
[WhiteFideId "13900510"]
[BlackFideId "22256873"]
[WhiteElo "2325"]
[BlackElo "2125"]
[Result "1-0"]
[Round "6"]
[TimeControl "180+2"]
[Date "2023.07.25"]
[WhiteClock "0:00:18"]
[BlackClock "0:00:11"]
[Board "202"]

1. d4 e6 2. Nf3 c5 3. e3 Nf6 4. c4 d5 5. cxd5 exd5 6. Bb5+ Nc6 7. O-O Be7 8. dxc5 O-O 9. Bxc6 bxc6 10. Qc2 Ne4 11. Nd4 Bd7 12. Nb3 a5 13. a4 f5 14. N1d2 Qb8 15. Nf3 Qb4 16. Bd2 Nxd2 17. Nfxd2 Rab8 18. Ra3 Bf6 19. Nf3 g6 20. Nfd4 Rb7 21. Rb1 Rfb8 22. g3 Kf7 23. Rc1 Be6 24. Nxc6 Qe4 25. Nxb8 Rxb8 26. Nd4 Bxd4 27. Qxe4 dxe4 28. exd4 Rxb2 29. c6 Ke7 30. c7 Bc8 31. Rac3 Ra2 32. Rc4 Kd6 33. Rd1 Kd5 34. Rc5+ Kd6 35. Rxa5 Kxc7 36. Rc1+ Kd7 37. Ra7+ Kd8 38. Ra8 1-0


[Site "https://www.chess.com"]

[Event "Titled Tuesday Blitz July 25 Early 2023"]
[White "Prydun, Andriy"]
[Black "Wisniowski, Natalie"]
[WhiteFideId "14145898"]
[BlackFideId "30929261"]
[WhiteElo "2318"]
[BlackElo "2119"]
[Result "1-0"]
[Round "6"]
[TimeControl "180+2"]
[Date "2023.07.25"]
[WhiteClock "0:00:06"]
[BlackClock "0:00:03"]
[Board "203"]

1. e4 b6 2. d4 Bb7 3. Nd2 d6 4. g3 e5 5. d5 c6 6. c4 Nf6 7. Bg2 Be7 8. Ne2 O-O 9. O-O Nbd7 10. Nc3 Rc8 11. Qe2 Nc5 12. b4 Ncd7 13. Bb2 b5 14. cxb5 cxd5 15. exd5 Nb6 16. a4 Bxd5 17. Bh3 Be6 18. Bxe6 fxe6 19. a5 Nbd5 20. Nxd5 Nxd5 21. Qe4 Qd7 22. Rfd1 Qxb5 23. Ba3 Nc3 24. Qg4 Nxd1 25. Qxe6+ Kh8 26. Rxd1 Rce8 27. Qc4 Qd7 28. Ne4 Qf5 29. Qd5 Rc8 30. b5 Rc2 31. Bxd6 Bxd6 32. Qxd6 Rg8 33. Re1 Rb2 34. Qe7 Rxb5 35. Nd6 Qd3 36. Nf7# 1-0


[Site "https://www.chess.com"]

[Event "Titled Tuesday Blitz July 25 Early 2023"]
[White "SicilianPanzer"]
[Black "Larina, Maria"]
[BlackFideId "24113182"]
[WhiteElo "2312"]
[BlackElo "2111"]
[Result "1-0"]
[Round "6"]
[TimeControl "180+2"]
[Date "2023.07.25"]
[WhiteClock "0:01:17"]
[BlackClock "0:01:10"]
[Board "204"]

1. e4 c6 2. Nf3 d5 3. Nc3 Bg4 4. h3 Bxf3 5. Qxf3 e6 6. g3 d4 7. Ne2 Qb6 8. c3 c5 9. e5 Nc6 10. Qe4 Rd8 11. Bg2 Nge7 12. O-O Ng6 13. b4 d3 14. bxc5 Qxc5 15. Nd4 Nxd4 16. cxd4 Qxd4 17. Qxb7 Nxe5 18. Bb2 Qd6 19. Bxe5 Qxe5 20. Bc6+ Rd7 21. Qxd7# 1-0


[Site "https://www.chess.com"]

[Event "Titled Tuesday Blitz July 25 Early 2023"]
[White "Estevez Polanco, Leonardo Rafael"]
[Black "BenchGM"]
[WhiteFideId "6402798"]
[WhiteElo "2102"]
[BlackElo "2303"]
[Result "0-1"]
[Round "6"]
[TimeControl "180+2"]
[Date "2023.07.25"]
[WhiteClock "0:00:44"]
[BlackClock "0:00:26"]
[Board "205"]

1. e4 c5 2. Nf3 d6 3. d4 cxd4 4. c3 Nf6 5. Bd3 dxc3 6. Nxc3 Nc6 7. O-O g6 8. h3 Bg7 9. Qe2 O-O 10. Rd1 Bd7 11. Bf4 Rc8 12. a3 a6 13. Rd2 Na5 14. Re1 Nb3 15. Rdd1 Nc5 16. Bb1 Qb6 17. e5 dxe5 18. Nxe5 Be6 19. b4 Ncd7 20. Na4 Qb5 21. Qxb5 axb5 22. Nb2 Rfd8 23. Nxd7 Nxd7 24. Nd3 Bb3 25. Rc1 Bc4 26. Red1 e5 27. Be3 e4 28. Nc5 Nxc5 29. Bxc5 Bb2 30. Rxd8+ Rxd8 31. Re1 f5 32. g4 Bxa3 33. gxf5 gxf5 34. Kh2 Bb2 35. Rg1+ Kf7 36. Rg5 Be5+ 37. Kh1 Ke6 38. Rh5 Rd1+ 39. Kg2 Bf1+ 40. Kg1 Bxh3# 0-1


[Site "https://www.chess.com"]

[Event "Titled Tuesday Blitz July 25 Early 2023"]
[White "Cooper, Aaron"]
[Black "Semenova, Alina"]
[WhiteFideId "2634945"]
[BlackFideId "24113875"]
[WhiteElo "2294"]
[BlackElo "2085"]
[Result "1-0"]
[Round "6"]
[TimeControl "180+2"]
[Date "2023.07.25"]
[WhiteClock "0:00:21"]
[BlackClock "0:00:29"]
[Board "206"]

1. e4 e6 2. d4 d5 3. e5 c5 4. c3 Nc6 5. Nf3 Qb6 6. Bd3 Nh6 7. O-O cxd4 8. Re1 Bd7 9. Qe2 Be7 10. Nbd2 dxc3 11. bxc3 Nf5 12. Rb1 Qc7 13. Nb3 O-O 14. Bf4 Rfc8 15. Ng5 h6 16. Nxf7 Kxf7 17. Bxf5 g6 18. Bd3 Bf8 19. Qg4 Ne7 20. Re3 Nf5 21. Rg3 Nxg3 22. Qxg6+ Ke7 23. Qf6+ Ke8 24. Bg6# 1-0


[Site "https://www.chess.com"]

[Event "Titled Tuesday Blitz July 25 Early 2023"]
[White "Goughfather"]
[Black "AndresDelgado77"]
[WhiteElo "2051"]
[BlackElo "2283"]
[Result "0-1"]
[Round "6"]
[TimeControl "180+2"]
[Date "2023.07.25"]
[WhiteClock "0:00:00"]
[BlackClock "0:00:18"]
[Board "207"]

1. d4 Nf6 2. Nc3 e6 3. e4 d5 4. exd5 Nxd5 5. Bd2 Be7 6. Nf3 O-O 7. Bd3 b6 8. Qe2 Nd7 9. a3 Bb7 10. Ne4 c5 11. c4 N5f6 12. O-O-O cxd4 13. Nxd4 Nxe4 14. Bxe4 Bxe4 15. Qxe4 Nc5 16. Qe3 Qxd4 17. Qxd4 Nb3+ 18. Kb1 Nxd4 19. Bc3 e5 20. f4 f6 21. Rhe1 Bd6 22. Bxd4 exd4 23. Rxd4 Bc5 24. Rd7 Rf7 25. Rd5 a5 26. Re6 Kf8 27. Rc6 a4 28. Kc2 Re8 29. Kd3 Rfe7 30. Kc2 Re2+ 31. Kb1 Rxg2 32. Rd7 Re7 0-1


[Site "https://www.chess.com"]

[Event "Titled Tuesday Blitz July 25 Early 2023"]
[White "Mikheeva, Galina"]
[Black "Barwinska, Ewa"]
[WhiteFideId "44108320"]
[BlackFideId "21833761"]
[WhiteElo "1969"]
[BlackElo "2276"]
[Result "0-1"]
[Round "6"]
[TimeControl "180+2"]
[Date "2023.07.25"]
[WhiteClock "0:00:00"]
[BlackClock "0:00:07"]
[Board "209"]

1. e4 c5 2. Nf3 d6 3. Bb5+ Bd7 4. Bxd7+ Qxd7 5. d4 cxd4 6. Nxd4 Nc6 7. O-O Nf6 8. Re1 e6 9. c4 Be7 10. Nc3 O-O 11. Be3 Ne5 12. b3 a6 13. f3 Rac8 14. Rc1 Qc7 15. Qe2 Qa5 16. Qd2 Rfd8 17. Nd5 Qxd2 18. Nxe7+ Kf8 19. Bxd2 Kxe7 20. Rc3 Nfd7 21. f4 Nc6 22. Be3 Nc5 23. Bf2 Nb4 24. Re2 Nbd3 25. g3 Nxf2 26. Kxf2 b5 27. Ke3 b4 28. Rcc2 a5 29. Nb5 d5 30. exd5 exd5 31. Kd4+ Ne6+ 32. Ke3 d4+ 33. Kd3 Kf6 34. Re5 Nc5+ 35. Kd2 a4 36. bxa4 Nxa4 37. Rd5 Rxd5 38. cxd5 Rd8 39. d6 Nc3 40. Nxd4 Rxd6 41. Ke3 Nd1+ 42. Ke4 Nc3+ 43. Ke3 g6 44. Kd3 Nb5 0-1


[Site "https://www.chess.com"]

[Event "Titled Tuesday Blitz July 25 Early 2023"]
[White "Saim, Mohamed Ilias"]
[Black "Fernandez Bustamante, Leancy B."]
[WhiteFideId "7900465"]
[BlackFideId "3523870"]
[WhiteElo "1925"]
[BlackElo "2274"]
[Result "0-1"]
[Round "6"]
[TimeControl "180+2"]
[Date "2023.07.25"]
[WhiteClock "0:00:45"]
[BlackClock "0:00:57"]
[Board "210"]

1. c4 c5 2. g3 Nc6 3. Bg2 d6 4. Nf3 Nf6 5. Nc3 g6 6. O-O Bg7 7. d4 cxd4 8. Nxd4 Nxd4 9. Qxd4 O-O 10. Qd3 Bf5 11. e4 Be6 12. Nd5 a6 13. Be3 Nd7 14. Bg5 Bxd5 15. cxd5 Bxb2 16. Rab1 Nc5 17. Qe2 Bg7 18. Kh1 b5 19. f4 Na4 20. Rbc1 h6 21. Bh4 Qd7 22. g4 Rac8 23. e5 dxe5 24. fxe5 Nc3 25. Qf3 Bxe5 26. Rfe1 Qd6 27. Qe3 Nxd5 28. Qxe5 Qxe5 29. Rxe5 Rxc1+ 30. Re1 Rxe1+ 31. Bxe1 Nf4 32. Bf3 Rc8 33. Kg1 Rc1 34. Kf2 Nd3+ 35. Ke2 Nxe1 36. Kd2 Nxf3+ 37. Kxc1 Nxh2 0-1


[Site "https://www.chess.com"]

[Event "Titled Tuesday Blitz July 25 Early 2023"]
[White "Navyblue1"]
[Black "rikchessmx"]
[WhiteElo "1918"]
[BlackElo "2267"]
[Result "0-1"]
[Round "6"]
[TimeControl "180+2"]
[Date "2023.07.25"]
[WhiteClock "0:00:00"]
[BlackClock "0:01:24"]
[Board "211"]

1. d4 Nf6 2. c4 e6 3. Nc3 d5 4. cxd5 exd5 5. Bg5 Nbd7 6. e3 Be7 7. Bd3 O-O 8. Qc2 c6 9. Nge2 Re8 10. O-O h6 11. Bh4 Ne4 12. Bxe7 Qxe7 13. Rae1 Ndf6 14. f3 Nxc3 15. Nxc3 Be6 16. Qf2 c5 17. dxc5 Qxc5 18. Bb1 Rac8 19. Rd1 b5 20. Ne2 b4 21. Nd4 a5 22. Qd2 Red8 23. Rc1 Qb6 24. Rxc8 Rxc8 25. Rc1 Rc4 26. b3 Rxc1+ 27. Qxc1 g6 28. Qd2 Kg7 29. Bd3 Nd7 30. Qc2 Nc5 31. Kf2 Bd7 32. Be2 a4 33. bxa4 Bxa4 34. Qb2 Kh7 35. h3 Bd7 36. Qc2 Ba4 37. Qb2 Be8 38. Qc2 Na4 39. Bd3 Nc3 40. Qb3 Ba4 0-1


[Site "https://www.chess.com"]